 Dungeon Crawl Stone Soup version 0.24.0-123-gd5b16e6ec5 (webtiles) character file.

Game seed: 12253516834177063604, levelgen mode: deterministic

12923 Bergy the Impaler (level 12, 0/97 HPs)
             Began as a Merfolk Gladiator on Jan 5, 2020.
             Was a Priest of Makhleb.
             Slain by a six-headed hydra (4 damage)
             ... on level 3 of the Lair of Beasts.
             The game lasted 00:34:30 (13284 turns).

Bergy the Impaler (Merfolk Gladiator)              Turns: 13284, Time: 00:34:30

Health: 0/97       AC:  9    Str: 19    XL:     12   Next: 0%
Magic:  0/12       EV: 14    Int:  7    God:    Makhleb [***...]
Gold:   727        SH:  0    Dex: 16    Spells: 11/11 levels left

rFire    . . .     SeeInvis .   J - +4 halberd (freeze)
rCold    + . .     Gourm    .   (shield currently unavailable)
rNeg     . . .     Faith    .   G - +2 ring mail {MR+}
rPois    +         Spirit   +   P - +1 hat
rElec    .         Reflect  .   I - scarf {Spirit}
rCorr    .         Harm     .   (no gloves)
MR       +....                  (no boots)
Stlth    +.........             z - amulet of the acrobat
HPRegen  0.26/turn              u - ring of protection from cold
MPRegen  0.13/turn              F - ring of poison resistance

@: no status effects
A: change form in water, swift swim, stealthy swim
a: Minor Destruction, Lesser Servant of Makhleb, Renounce Religion


You were on level 3 of the Lair of Beasts.
You worshipped Makhleb.
Makhleb was most pleased with you.
You were not hungry.

You visited 3 branches of the dungeon, and saw 14 of its levels.

You collected 727 gold pieces.

Inventory:

Hand Weapons
 t - a +2 antimagic spear
 B - a +1 trident of protection
 J - a +4 halberd of freezing (weapon)
Missiles
 d - 4 throwing nets (quivered)
Armour
 n - a +0 large shield
 G - a +2 ring mail of magic resistance (worn)
 I - a scarf of spirit shield (worn)
 P - a +1 hat (worn)
Jewellery
 p - a cursed ring of teleportation {unknown}
 u - a ring of protection from cold (left hand)
 z - an amulet of the acrobat (around neck)
 F - a ring of poison resistance (right hand)
 L - an uncursed ring of positive energy {unknown}
 O - a cursed ring of attention {unknown}
Wands
 a - a wand of flame (13)
 b - a wand of random effects (41)
Scrolls
 e - 2 scrolls of magic mapping
 h - a scroll of fog {unknown}
 j - 3 scrolls of remove curse
 l - 3 scrolls of enchant weapon
 r - 3 scrolls of blinking
 y - 2 scrolls of teleportation
 D - 2 scrolls of immolation {unknown}
 E - 2 scrolls of enchant armour {unknown}
 K - a scroll of vulnerability {unknown}
 M - a scroll of noise {unknown}
Potions
 c - 2 potions of ambrosia
 i - a potion of mutation {unknown}
 k - a potion of invisibility {unknown}
 m - 6 potions of brilliance
 o - 4 potions of curing
 q - a potion of might {unknown}
 s - 2 potions of lignification {unknown}
 v - 2 potions of berserk rage {unknown}
 w - 2 potions of cancellation
 A - a potion of degeneration {unknown}
 C - a potion of magic {unknown}
 H - 2 potions of agility {unknown}
 N - a potion of heal wounds
Comestibles
 f - 22 rations


   Skills:
 + Level 10.0 Fighting
 - Level 16.4 Polearms
 - Level 2.0 Throwing
 * Level 6.3 Armour
 + Level 5.1 Dodging
 - Level 7.7 Shields


You had 11 spell levels left.
You didn't know any spells.
Your spell library contained the following spells:

 Spells                   Type           Power        Failure   Level  Hunger
 Beastly Appendage        Tmut           #.....       58%         1    ##.....
 Magic Dart               Conj           #...         58%         1    ##.....
 Summon Small Mammal      Summ           #...         58%         1    ##.....
 Blink                    Tloc           N/A          75%         2    ###....
 Call Imp                 Summ           #.......     75%         2    ###....
 Slow                     Hex            #.......     75%         2    ###....
 Sticks to Snakes         Tmut           #.......     75%         2    ###....
 Call Canine Familiar     Summ           #.......     92%         3    ####...
 Conjure Flame            Conj/Fire      #.......     92%         3    ####...
 Mephitic Cloud           Conj/Pois/Air  #.......     92%         3    ####...
 Spider Form              Tmut/Pois      #.........   92%         3    ####...
 Summon Guardian Golem    Hex/Summ       #.......     92%         3    ####...
 Ice Form                 Ice/Tmut       #.......     100%        4    #####..
 Summon Ice Beast         Ice/Summ       #.......     100%        4    #####..
 Summon Lightning Spire   Summ/Air       #.......     100%        4    #####..
 Blade Hands              Tmut           #.........   100%        5    ######.


Dungeon Overview and Level Annotations

Branches:
Dungeon (10/15)            Temple (1/1) D:5            Lair (3/6) D:10
 Spider (0/4) Lair:2
  Swamp: Lair:2-4    Shoals: Lair:2-4       Orc: D:9-12

Altars:
Ashenzari
Cheibriados
Dithmenos
Elyvilon
Fedhas
Gozag
Hepliaklqana
Kikubaaqudgha
Makhleb
Nemelex Xobeh
Okawaru
Qazlal
Ru
Sif Muna
Trog
Uskayaw
Vehumet
Wu Jian
Xom
Yredelemnul
Zin
The Shining One

Annotations:
D:4 3 runed translucent doors, execc's ghost, amateur OpBe
D:7 4 runed translucent doors, Crazy Yiuf; kuniqs's ghost, novice DEWz


Message History

You freeze the five-headed hydra.
The five-headed hydra is moderately wounded.
You slice one of the five-headed hydra's heads off!
The four-headed hydra grows two more!
You slice the six-headed hydra!! You freeze the six-headed hydra.
The six-headed hydra is moderately wounded.
The six-headed hydra bites you! The six-headed hydra misses you.
The six-headed hydra bites you! x2
* * * LOW HITPOINT WARNING * * *
The six-headed hydra barely misses you. The six-headed hydra bites you!
* * * LOW HITPOINT WARNING * * *
You barely miss the six-headed hydra.
The six-headed hydra is moderately wounded.
The six-headed hydra bites you.
* * * LOW HITPOINT WARNING * * *
The six-headed hydra bites you but does no damage.
The six-headed hydra misses you. The six-headed hydra bites you!
* * * LOW HITPOINT WARNING * * *
The six-headed hydra bites you.
You die...

...............
................
..................
..................
..................
..................
..................
.........D........
.........@........
..................
.......†..........
..................
..................
.......)..........
..................
..................
..................


You could see a six-headed hydra.

Vanquished Creatures
  Erolcha (D:10)
  Pikel (D:6)
  An elephant (D:10)
  A black mamba (Lair:1)
  Psyche (D:10)
  4 spiny frogs
  A centaur skeleton (D:10)
  2 komodo dragons
  2 hippogriffs
  Sigmund (D:2)
  3 redbacks (Lair:2)
  6 yaks (Lair:1)
  A wyvern (D:10)
  A human (D:9)
  4 hogs (D:9)
  Menkaure (D:4)
  4 water moccasins
  5 porcupines
  2 ice beasts (D:7)
  2 orc warriors
  3 slaves (D:6)
  A black bear (D:9)
  An ogre (D:9)
  A necrophage (D:9)
  3 centaurs
  5 crocodiles
  A wyvern zombie (D:10)
  10 bullfrogs
  14 killer bees
  A water moccasin skeleton (D:8)
  6 scorpions
  4 howler monkeys
  19 wights
  6 crimson imps
  3 quasits
  A bullfrog zombie (D:5)
  3 jellies
  A centaur zombie (D:8)
  3 orc priests
  A bullfrog skeleton (D:2)
  A gnoll shaman (D:9)
  6 hounds
  5 orc wizards
  2 iguanas (D:9)
  6 worker ants
  A hound skeleton (D:4)
  A worker ant zombie (D:6)
  8 gnolls
  A howler monkey skeleton (D:5)
  4 adders
  A shadow imp (D:7)
  2 oozes
  3 worms
  2 dart slugs (D:1)
  A leopard gecko (D:7)
  25 orcs
  A giant cockroach (D:3)
  8 goblins
  12 hobgoblins
  14 jackals
  7 kobolds
  2 quokkas
  9 bats
  4 frilled lizards
  A jackal skeleton (D:6)
  2 quokka zombies
  5 rats
  A butterfly (D:6)
266 creatures vanquished.

Vanquished Creatures (others)
  A butterfly (D:6)
  2 fungi (D:4)
  2 plants (D:4)
5 creatures vanquished.

Grand Total: 271 creatures vanquished

Notes
Turn   | Place    | Note
-------+----------+-------------------------------------------
     0 | D:1      | Bergy the Merfolk Gladiator began the quest for the Orb.
     0 | D:1      | Reached XP level 1. HP: 16/16 MP: 1/1
    76 | D:1      | Reached skill level 5 in Polearms
    76 | D:1      | Reached XP level 2. HP: 22/22 MP: 2/2
   519 | D:1      | Reached skill level 6 in Polearms
   519 | D:1      | Reached XP level 3. HP: 26/27 MP: 3/3
  1234 | D:2      | Noticed Sigmund
  1356 | D:2      | Reached skill level 7 in Polearms
  1356 | D:2      | Reached XP level 4. HP: 26/33 MP: 4/4
  1687 | D:3      | Found an iron altar of Okawaru.
  2315 | D:4      | Reached skill level 8 in Polearms
  2315 | D:4      | Reached XP level 5. HP: 15/38 MP: 5/5
  2777 | D:4      | Reached skill level 9 in Polearms
  2785 | D:4      | Noticed Menkaure
  3385 | D:4      | Killed Menkaure
  3385 | D:4      | Reached skill level 10 in Polearms
  3385 | D:4      | Reached XP level 6. HP: 10/44 MP: 6/6
  3573 | D:4      | Found a radiant altar of Vehumet.
  3643 | D:4      | Found a white marble altar of Elyvilon.
  3643 | D:4      | Found an opulent altar of Gozag.
  4023 | D:4      | Found a runed translucent gate.
  4023 | D:4      | Noticed execc's ghost (amateur OpBe)
  4023 | D:4      | Identified the cursed +1 dagger of the Volcano {drain,
                  | Fragile +Rage MR+ Str+9}
  4024 | D:4      | Found a runed translucent gate.
  4024 | D:4      | Found a runed translucent gate.
  4187 | D:5      | Entered Level 5 of the Dungeon
  4257 | D:5      | Reached XP level 7. HP: 50/50 MP: 7/7
  4380 | D:5      | Found a shimmering blue altar of Sif Muna.
  4538 | D:5      | Reached skill level 11 in Polearms
  4797 | D:5      | Found a staircase to the Ecumenical Temple.
  4807 | Temple   | Entered the Ecumenical Temple
  4858 | Temple   | Became a worshipper of Makhleb the Destroyer
  5234 | D:2      | Killed Sigmund
  5234 | D:2      | Reached skill level 12 in Polearms
  5571 | D:6      | Found a shimmering altar of Xom.
  5688 | D:6      | Reached XP level 8. HP: 56/56 MP: 8/8
  5744 | D:6      | Reached skill level 13 in Polearms
  6068 | D:6      | Reached skill level 14 in Polearms
  6249 | D:6      | Got a dazzling hunting sling
  6251 | D:6      | Identified the +5 hunting sling "Zaixonig" {venom, Int+7}
                  | (You found it on level 6 of the Dungeon)
  6627 | D:6      | Reached * piety under Makhleb
  6670 | D:6      | Found a bloodstained altar of Trog.
  6741 | D:6      | Noticed Pikel
  6789 | D:6      | Killed Pikel
  6789 | D:6      | Reached skill level 15 in Polearms
  6789 | D:6      | Reached XP level 9. HP: 43/61 MP: 9/9
  7124 | D:6      | Reached skill level 1 in Armour
  7627 | D:7      | Found a runed translucent gate.
  7627 | D:7      | Found a runed translucent gate.
  7627 | D:7      | Found a runed translucent gate.
  7665 | D:7      | Noticed kuniqs's ghost (novice DEWz)
  7804 | D:7      | Found a runed translucent door.
  7805 | D:7      | Noticed Crazy Yiuf
  8065 | D:7      | Reached skill level 5 in Fighting
  8145 | D:7      | Reached XP level 10. HP: 64/76 MP: 10/10
  8898 | D:8      | Reached ** piety under Makhleb
  9053 | D:8      | Reached skill level 1 in Shields
  9162 | D:8      | Found a bloodstained altar of Trog.
  9286 | D:9      | Found a hazy altar of Hepliaklqana.
  9850 | D:9      | Reached *** piety under Makhleb
 10234 | D:10     | Entered Level 10 of the Dungeon
 10339 | D:10     | Noticed Psyche
 10356 | D:10     | Killed Psyche
 10356 | D:10     | Reached skill level 5 in Shields
 10364 | D:10     | Noticed an elephant
 10380 | D:10     | Reached XP level 11. HP: 85/87 MP: 11/11
 10401 | D:10     | Reached skill level 5 in Armour
 10592 | D:10     | Found a staircase to the Lair.
 10881 | D:10     | Noticed Erolcha
 10904 | D:10     | Killed Erolcha
 11420 | Lair:1   | Entered Level 1 of the Lair of Beasts
 11473 | Lair:1   | Reached skill level 16 in Polearms
 12461 | Lair:2   | Found a hole to the Spider Nest.
 12655 | Lair:2   | Reached skill level 5 in Dodging
 13044 | Lair:2   | Found a snail-covered altar of Cheibriados.
 13251 | Lair:3   | Reached skill level 10 in Fighting
 13251 | Lair:3   | Reached XP level 12. HP: 93/97 MP: 8/12
 13260 | Lair:3   | Noticed a four-headed hydra
 13284 | Lair:3   | HP: 4/97 [six-headed hydra (11)]
 13284 | Lair:3   | Slain by a six-headed hydra

Levels and vault maps discovered:
D:1:      lightli_arrival_statuegarden, layout_rooms
D:2:      layout_basic, uniq_sigmund
D:3:      layout_basic, okawaru_gym_becter, serial_bayou_lagoon_b
D:4:      layout_loops_ring, lemuel_round_altar,
          gammafunk_temple_overflow_elements, gammafunk_ghost_nasty_kobolds,
          uniq_menkaure
D:5:      layout_basic, marbit_many_paths, lemuel_temple_firewalk_b,
          first_ration
D:6:      layout_loops_corners, xom_butterflies, trog_hazing_becter, uniq_pikel
D:7:      layout_loops_ring, gammafunk_ghost_icy, uniq_crazy_yiuf_cottage
D:8:      layout_basic, lemuel_crystal_altar
D:9:      layout_roguey, basic_altar, grunt_livestock
D:10:     layout_loops_corners, david_lair_generic, evilmike_butchery,
          uniq_psyche, uniq_erolcha
Temple:   eino_wide_crystal_templ
Lair:1:   layout_regular_city, infiniplex_staircase_pool_2, serial_bayou_shore_b
Lair:2:   layout_big_grid, spider_nest_entry_webs, basic_altar,
          infiniplex_staircase_pool, lemuel_fruit_fields
Lair:3:   cheibrodos_lair_overgrown_chateau, layout_cave_shapes, uniq_urug

Skill      XL: |  1  2  3  4  5  6  7  8  9 10 11 |
---------------+----------------------------------+-----
Polearms       | 5 6 7 8 10 12 15 16 | 16.4
Armour         | 4 6 |  6.3
Fighting       | 5 8 10 | 10.0
Shields        | 5 7 |  7.7
Dodging        | 5 |  5.1
Throwing       | |  2.0

Action                   |  1- 3 |  4- 6 |  7- 9 | 10-12 || total
-------------------------+-------+-------+-------+-------++-------
Melee: Trident           |   113 |   137 |   508 |   527 ||  1285
       Spear             |       |    17 |       |       ||    17
       Halberd           |       |       |       |   128 ||   128
  Use: Potion            |       |     3 |     3 |     1 ||     7
       Scroll            |       |     4 |     3 |     6 ||    13
 Stab: Sleeping          |     1 |       |       |       ||     1
       Distracted        |       |     1 |       |     1 ||     2
  Eat: Chunk             |     1 |     3 |     5 |    16 ||    25
       Ration            |       |     2 |     2 |     1 ||     5
Armor: Leather armour    |    13 |    23 |   104 |     9 ||   149
       Ring mail         |       |       |       |   137 ||   137
Dodge: Dodged            |    81 |    94 |   180 |   153 ||   508
Block: Large shield      |       |       |       |   239 ||   239
